 Dungeon Crawl Stone Soup version 0.29.1-13-g9f3cf754e1 (webtiles) character file.

Game seed: 18124717532138852727

49 croobank the Sneak (level 3, -1/28 HPs)
             Began as an Octopode Delver on Jan 19, 2023.
             Killed from afar by an orc wizard (3 damage)
             ... with a puff of flame
             ... on level 4 of the Dungeon.
             The game lasted 00:05:09 (1096 turns).

croobank the Sneak (Octopode Delver)                Turns: 1096, Time: 00:05:10

Health: -1/28      AC:  1    Str:  9    XL:     3   Next: 75%
Magic:  3/3        EV: 13    Int: 14    God:
Gold:   54         SH:  0    Dex: 13    Spells: 2/2 levels left

rFire   . . .      SeeInvis +   a - +0 hand axe
rCold   . . .      Faith    .   (no shield)
rNeg    . . .      Spirit   .   (helmet restricted)
rPois   .          Reflect  .   (no amulet)
rElec   .          Harm     .   j - ring of see invisible
rCorr   .          Rampage  .   (no ring)
Will    .....                   (no ring)
Stlth   ++++......              (no ring)
HPRegen 0.09/turn               (no ring)
MPRegen 0.08/turn               (no ring)
                                (no ring)
                                (no ring)

@: no status effects
A: almost no armour, amphibious, 8 rings, camouflage 1, gelatinous body 1,
(nimble swimmer 1), tentacles, antennae 1, robust 1, weak 1
a: no special abilities


You were on level 4 of the Dungeon.
You visited 2 branches of the dungeon, and saw 6 of its levels.

You collected 54 gold pieces.

Inventory:

Hand Weapons
 a - a +0 hand axe (weapon)
 g - a +0 dagger
Jewellery
 j - a ring of see invisible (left tentacle)
 k - an amulet of faith
Wands
 f - a wand of digging (3)
Scrolls
 b - a scroll of fog
 h - a scroll of silence {unknown}
 i - a scroll of butterflies {unknown}
Potions
 d - a potion of mutation


   Skills:
 + Level 3.4 Fighting
 + Level 2.6 Axes
 + Level 2.6 Dodging
 + Level 7.0 Stealth


You had 2 spell levels left.
You didn't know any spells.
Your spell library was empty.

Dungeon Overview and Level Annotations

Branches:
Dungeon (7/15)             Temple (1/1) D:4

Altars:
Ashenzari
Cheibriados
Dithmenos
Fedhas
Gozag
Makhleb
Okawaru
Qazlal
Ru
Sif Muna
Uskayaw
Vehumet
Wu Jian
Xom
Yredelemnul
Zin
The Shining One

Annotations:
D:3 Ijyb
D:6 Eustachio


Innate Abilities, Weirdness & Mutations

You cannot wear most types of armour.
You are amphibious.
You can wear up to eight rings at the same time.
Your skin changes colour to match your surroundings (Stealth+).
Your rubbery body absorbs attacks. (AC +1, EV +1)
((You are camouflaged when in or above water. (Stealth+)))
You have tentacles for arms and can constrict up to eight enemies at once.
You have a pair of small antennae on your head.
You are robust. (+10% HP)
You are weak. (Str -2)


Message History

Press: ? - help, Q - select action Shift-Dir - straight line, f - orc priest
Aim: an orc priest, wielding a +0 club and wearing a +0 leather armour (translocational energy, 57% to hit)
You throw a boomerang of dispersal.
The boomerang of dispersal closely misses the orc priest.
The orc priest begins to cast a cantrip, but forgets the words! x2
You completely miss the orc priest. You grab the orc priest.
You constrict the orc priest, but do no damage.
The orc priest calls upon Beogh to heal the orc wizard.
The orc wizard is healed somewhat.
You hit the orc priest.
The orc priest is lightly wounded.
You constrict the orc priest.
The orc priest invokes the aid of Beogh against you.
Pain shoots through your body!
* * * LOW HITPOINT WARNING * * *
You hit the orc priest but do no damage.
The orc priest is moderately wounded.
You constrict the orc priest, but do no damage.
The orc priest escapes!
The orc wizard casts a spell.
The orc wizard flickers and vanishes for a moment.
You closely miss the orc priest. Your grab misses the orc priest.
The orc priest is moderately wounded.
The orc priest closely misses you.
You completely miss the orc priest. Your grab misses the orc priest.
You squeeze the orc priest.
The orc priest is heavily wounded.
The orc priest closely misses you.
You barely miss the orc wizard. You grab the orc wizard.
The orc wizard is moderately wounded.
You constrict the orc wizard. The orc wizard casts a spell at you.
The magic dart hits you.
* * * LOW HITPOINT WARNING * * *
You hit the orc wizard.
The orc wizard is severely wounded.
You constrict the orc wizard.
The orc wizard gestures at you while chanting.
The puff of flame hits you.
You die...

#...#.###### #.###†#...# ##
#.....#._.# ..# '#####....# ###
..# .....###### ..##...########
....#..#.# ..#..........#
..###....# #{..!........#
..<.#....#########o# <........#
..#.##....##....@oo# ... ...?#
..#....#.....####### #.# #(.#
..#..#>....####(.# #.# #..#
................# #.# #..#
...#.....#.###..## ###.### #..#
.........#.# #.).# ###'### #..#
...##.####.###...####⌠.⌠####..#
......# #...#......'.>.#.....#
...#..#
###...#.####⌠.⌠#####.###


You could see an orc priest, an orc wizard (invisible) and an orc.

Vanquished Creatures
  2 adders (D:4)
  A white imp (D:7)
  A worm (D:4)
  A dart slug (D:4)
  4 orcs
  An endoplasm (D:4)
  A giant cockroach (D:4)
  3 hobgoblins (D:4)
  2 ball pythons (D:4)
16 creatures vanquished.

Notes
Turn   | Place    | Note
-------+----------+-------------------------------------------
     0 | D:5      | croobank the Octopode Delver began the quest for the Orb.
     0 | D:5      | Reached XP level 1. HP: 16/16 MP: 1/1
     6 | D:7      | Noticed a necrophage
    11 | D:7      | Reached XP level 2. HP: 4/21 MP: 2/2
   118 | D:6      | Noticed a water moccasin
   141 | D:6      | Found a radiant altar of Vehumet.
   303 | D:6      | Noticed Eustachio
   400 | D:5      | Noticed a scorpion
   466 | D:4      | Reached XP level 3. HP: 20/26 MP: 3/3
   600 | D:4      | Found a staircase to the Ecumenical Temple.
   643 | Temple   | Entered the Ecumenical Temple
   847 | D:4      | Reached skill level 7 in Stealth
   851 | D:4      | Found a glowing silver altar of Zin.
   943 | D:3      | Found a hide-covered altar of Uskayaw.
   947 | D:3      | Noticed Ijyb
  1002 | D:3      | Found a faded altar of an unknown god.
  1036 | D:4      | Found a sacrificial altar of Ru.
  1045 | D:4      | Found an ornate altar of the Wu Jian Council.
  1085 | D:4      | Gained mutation: You are robust. (+10% HP) [potion of
                  | mutation]
  1085 | D:4      | Gained mutation: You are weak. (Str -2) [potion of
                  | mutation]
  1085 | D:4      | Gained mutation: You have a pair of small antennae on your
                  | head. [potion of mutation]
  1096 | D:4      | Killed from afar by an orc wizard

Illustrated notes

Levels and vault maps discovered:
D:3:      layout_basic, nicolae_overflow_ecumenical_swirl,
          dreamdust_ecumenical_altar_drowned_temple, grunt_decor_fettered,
          uniq_natasha, uniq_ijyb
D:4:      layout_rooms, marbit_many_paths, mainiacjoe_overflow_swirl,
          temple_doors_e, minmay_misc_feat_secret_circle,
          chequers_serial_rivers_marsh, minmay_close_crescents
D:5:      layout_loops_cross, nicolae_elyvilon_peaceful_grove,
          mainiacjoe_overflow_alcove_4, serial_shops, kennysheep_little_box,
          kennysheep_decorative_pillar, nicolae_concentric_dashed_squares_wild,
          serial_bayou_pond_d
D:6:      layout_loops_cross, mainiacjoe_overflow_paths, uniq_eustachio
D:7:      layout_rooms, beargit_hepliaklqana_dungeon_heroes
Temple:   hellmonk_temple_two_chambers

Skill      XL: |  1  2  3 |
---------------+----------+-----
Stealth        | 7 |  7.0
Fighting       | |  3.4
Axes           | |  2.6
Dodging        | |  2.6

Action                   || total
-------------------------++-------
Melee: Hand axe          ||    39
       Constrict         ||    12
       Tentacles         ||     9
       Punch             ||     1
Throw: Boomerang         ||     3
  Use: Potion            ||     3
       Scroll            ||     2
 Stab: Sleeping          ||     6
Armor: Skin              ||     1
Dodge: Dodged            ||    27
